 Dungeon Crawl Stone Soup version 0.24-a0-459-g225fefd530 (webtiles) character file.

Game seed: 15110499731260249607

732 vurker the Charmwright (level 7, -3/56 HPs)
             Began as a Gnoll Skald on June 30, 2019.
             Was an Elder of Cheibriados.
             Slain by a gnoll
             ... wielding a +0 spear
              (7 damage)
             ... on level 4 of the Dungeon.
             The game lasted 00:09:17 (4360 turns).

vurker the Charmwright (Gnoll Skald)                Turns: 4360, Time: 00:09:17

Health: -3/56      AC:  6    Str: 23    XL:     7   Next: 73%
Magic:  10/15      EV: 15    Int: 26    God:    Cheibriados [****..]
Gold:   139        SH:  0    Dex: 23    Spells: 10/17 levels left

rFire    . . .     SeeInvis .   l - +1 hand axe (elec)
rCold    . . .     Gourm    .   (no shield)
rNeg     . . .     Faith    .   b - +0 leather armour
rPois    .         Spirit   .   d - +0 helmet
rElec    .         Reflect  .   x - scarf {repulsion}
rCorr    .         Harm     .   z - +0 pair of gloves
MR       .....                  o - +0 pair of boots
Stlth    ++........             p - amulet of the acrobat
HPRegen  0.18/turn              u - ring of flight
MPRegen  0.14/turn              (no ring)

@: lightly drained, repel missiles, very slow
A: distributed training, fangs 1, strong nose
a: Bend Time, Temporal Distortion, Slouch, Renounce Religion, Evoke Flight


You were on level 4 of the Dungeon.
You worshipped Cheibriados.
Cheibriados was greatly pleased with you.
You were not hungry.

You visited 1 branch of the dungeon, and saw 4 of its levels.

You collected 139 gold pieces.

Inventory:

Hand Weapons
 a - a +0 spear
 l - a +1 hand axe of electrocution (weapon)
   (You took it off an orc on level 4 of the Dungeon)
Missiles
 v - a throwing net (quivered) {!f}
Armour
 b - a +0 leather armour (worn)
 d - a +0 helmet (worn)
   (You found it on level 2 of the Dungeon)
 o - a +0 pair of boots (worn)
   (You found it on level 1 of the Dungeon)
 x - a scarf of repulsion (worn)
   (You found it on level 4 of the Dungeon)
 z - a +0 pair of gloves (worn)
   (You found it on level 4 of the Dungeon)
Jewellery
 p - an amulet of the acrobat (around neck)
   (You found it on level 2 of the Dungeon)
 u - a ring of flight (left hand)
   (You found it on level 4 of the Dungeon)
Wands
 y - a wand of enslavement (6)
   (You found it on level 4 of the Dungeon)
Scrolls
 f - 3 scrolls of remove curse {@r2}
 i - 2 scrolls of identify {@r1}
 k - 2 scrolls of teleportation {@r4}
 r - a scroll of fog
Potions
 c - a potion of mutation {!q}
 g - a potion of resistance {unknown}
 h - a potion of magic {unknown}
 j - 2 potions of invisibility {unknown}
 n - a potion of degeneration {unknown}
 q - 3 potions of agility
 s - a potion of curing {unknown}
 w - a potion of might {unknown}
Comestibles
 e - 8 rations {!d}


   Skills:
 + Level 5.3(4.7) Fighting
 + Level 2.6(2.1) Short Blades
 + Level 2.6(2.1) Long Blades
 + Level 2.6(2.1) Axes
 + Level 2.6(2.1) Maces & Flails
 + Level 5.3(4.7) Polearms
 + Level 2.6(2.1) Staves
 + Level 2.6(2.1) Slings
 + Level 2.6(2.1) Bows
 + Level 2.6(2.1) Crossbows
 + Level 2.6(2.1) Throwing
 + Level 3.7(3.2) Armour
 + Level 5.3(4.7) Dodging
 + Level 2.6(2.1) Stealth
 + Level 2.6(2.1) Shields
 + Level 2.6(2.1) Unarmed Combat
 + Level 5.7(5.1) Spellcasting
 + Level 2.1(1.6) Conjurations
 + Level 2.1(1.6) Hexes
 + Level 5.9(5.3) Charms
 + Level 2.1(1.6) Summonings
 + Level 2.1(1.6) Necromancy
 + Level 2.1(1.6) Translocations
 + Level 2.1(1.6) Transmutations
 + Level 2.1(1.6) Fire Magic
 + Level 2.1(1.6) Ice Magic
 + Level 2.1(1.6) Air Magic
 + Level 2.1(1.6) Earth Magic
 + Level 2.1(1.6) Poison Magic
 + Level 2.9(2.4) Invocations
 + Level 2.6(2.1) Evocations


You had 10 spell levels left.
You knew the following spells:

 Your Spells              Type           Power        Failure   Level  Hunger
a - Spectral Weapon       Hex/Chrm       ###.....     6%          3    #......
c - Infusion              Chrm           ####         1%          1    None
q - Regeneration          Chrm/Necr      ###.......   6%          3    #......

Your spell library contained the following spells:

 Spells                   Type           Power        Failure   Level  Hunger
 Song of Slaying          Chrm           ####....     1%          2    None
 Shroud of Golubria       Chrm/Tloc      ###...       3%          2    None


Dungeon Overview and Level Annotations

Branches:
Dungeon (4/15)
 Temple: D:4-7

Altars:
Cheibriados
Wu Jian
Xom


Innate Abilities, Weirdness & Mutations

Your experience applies equally to all skills.
You have very sharp teeth.
Your uncanny sense of smell can sniff out nearby items.


Message History

The gnoll hits you from afar with a +0 spear.
The gnoll barely misses you.
The gnoll hits you with the +5 mace of the Seven Wonders {drain, rN++ MR+}!
* * * LOW HITPOINT WARNING * * *
You feel drained.
* * * LOW HITPOINT WARNING * * *
The gnoll hits you but does no damage. The gnoll closely misses you.
The gnoll completely misses you. x3
The gnoll hits you with a +0 spear.
* * * LOW HITPOINT WARNING * * *
The gnoll completely misses you. x4
You see here a +0 halberd.
You hit the gnoll. Lightning courses through the gnoll!
You kill the gnoll!
Cheibriados thoroughly appreciates the change of pace.
You barely miss the gnoll. You hit the gnoll. You closely miss the gnoll.
You hit the gnoll. The gnoll closely misses you.
The gnoll hits you but does no damage. The gnoll barely misses you.
The gnoll misses you. The gnoll hits you but does no damage.
You closely miss the gnoll. You bite the gnoll. You hit the gnoll.
You barely miss the gnoll. You hit the gnoll. x2
The gnoll hits you with a +0 spear.
* * * LOW HITPOINT WARNING * * *
The gnoll barely misses you. The gnoll hits you with a +0 halberd.
* * * LOW HITPOINT WARNING * * *
The gnoll misses you.
The gnoll hits you with the +5 mace of the Seven Wonders {drain, rN++ MR+}!
* * * LOW HITPOINT WARNING * * *
You feel drained.
* * * LOW HITPOINT WARNING * * *
Okay, then.
You slash the gnoll!
You kill the gnoll!
Cheibriados thoroughly appreciates the change of pace.
You closely miss the gnoll. You hit the gnoll. x2
Lightning courses through the gnoll!
You kill the gnoll!
Cheibriados appreciates the change of pace.
You barely miss the gnoll. The gnoll hits you with a +0 whip.
* * * LOW HITPOINT WARNING * * *
The gnoll hits you with a +0 spear.
* * * LOW HITPOINT WARNING * * *
The gnoll misses you.
You hit the gnoll. You bite the gnoll. You hit the gnoll. x2
Lightning courses through the gnoll!
You kill the gnoll!
Cheibriados appreciates the change of pace.
Your skin stops crawling.
The gnoll hits you with a +0 spear!
You die...

...........P................P....
.≈≈≈≈≈≈≈≈≈≈≈≈≈≈≈≈≈≈≈≈≈≈≈≈≈≈≈≈≈≈≈≈
.≈≈≈≈≈≈≈÷≈≈≈≈≈≈≈≈≈≈≈≈≈≈≈≈≈≈≈≈≈≈≈≈
.≈≈#####≈÷÷≈≈≈≈≈≈≈≈≈≈≈≈≈≈≈≈≈≈≈≈≈≈
.≈≈#...#.........................
.≈≈#...##########################
.≈≈###'#....).)).....#*,,,,,,,,+,
.≈≈≈.#.#....###(########****+***,
.≈≈≈.#.#....#.#g@)......,,,,,*,*,
.≈≈≈.#.###'##.#))g......,,,,,*∆**
.≈≈≈.#..%...#.#.........,,,,,*,*,
.≈≈≈.#......#.'.........∆,,,,+,*,
.≈≈≈.#.##########################
.≈≈≈.#.#.......)...#)...#..))....
.≈≈≈.#.'......)....))(..'.)).....
.≈≈###'#...).......#)())#.)......
P≈≈#...#############''''#########


You could see 2 gnolls and a friendly spectral +1 hand axe of electrocution.

Vanquished Creatures
  An ogre (D:4)
  4 gnoll shamans (D:4)
  A worker ant (D:4)
  Robin (D:4)
  35 gnolls
  3 adders
  An ooze (D:3)
  4 dart slugs
  4 leopard geckos
  6 orcs
  3 giant cockroaches
  11 hobgoblins
  13 jackals (D:4)
  8 kobolds
  A quokka (D:4)
  A ball python (D:4)
  11 bats
  A frilled lizard (D:3)
  13 goblins
  10 rats
132 creatures vanquished.

Vanquished Creatures (others)
  A worm (D:4)
  A ball python (D:4)
  A jackal (D:4)
3 creatures vanquished.

Grand Total: 135 creatures vanquished

Notes
Turn   | Place    | Note
-------+----------+-------------------------------------------
     0 | D:1      | vurker the Gnoll Skald began the quest for the Orb.
     0 | D:1      | Reached XP level 1. HP: 20/20 MP: 6/6
   198 | D:1      | Reached XP level 2. HP: 26/26 MP: 7/7
   543 | D:1      | Reached XP level 3. HP: 31/31 MP: 9/9
   560 | D:1      | Reached skill level 5 in Spellcasting
  1134 | D:2      | Found a snail-covered altar of Cheibriados.
  1147 | D:2      | Became a worshipper of Cheibriados the Contemplative
  1239 | D:1      | Learned a level 3 spell: Spectral Weapon
  1243 | D:1      | Learned a level 3 spell: Regeneration
  1391 | D:2      | Found an ornate altar of the Wu Jian Council.
  1458 | D:2      | Reached skill level 1 in Invocations
  1718 | D:2      | Reached skill level 1 in Short Blades
  1718 | D:2      | Reached skill level 1 in Long Blades
  1718 | D:2      | Reached skill level 1 in Axes
  1718 | D:2      | Reached skill level 1 in Maces & Flails
  1718 | D:2      | Reached skill level 1 in Staves
  1718 | D:2      | Reached skill level 1 in Slings
  1718 | D:2      | Reached skill level 1 in Bows
  1718 | D:2      | Reached skill level 1 in Crossbows
  1718 | D:2      | Reached skill level 1 in Throwing
  1718 | D:2      | Reached skill level 1 in Stealth
  1718 | D:2      | Reached skill level 1 in Shields
  1718 | D:2      | Reached skill level 1 in Unarmed Combat
  1718 | D:2      | Reached skill level 1 in Evocations
  1721 | D:2      | Reached XP level 4. HP: 24/38 MP: 4/11
  2130 | D:3      | Reached skill level 1 in Conjurations
  2130 | D:3      | Reached skill level 1 in Hexes
  2130 | D:3      | Reached skill level 1 in Summonings
  2130 | D:3      | Reached skill level 1 in Necromancy
  2130 | D:3      | Reached skill level 1 in Translocations
  2130 | D:3      | Reached skill level 1 in Transmutations
  2130 | D:3      | Reached skill level 1 in Fire Magic
  2130 | D:3      | Reached skill level 1 in Ice Magic
  2130 | D:3      | Reached skill level 1 in Air Magic
  2130 | D:3      | Reached skill level 1 in Earth Magic
  2130 | D:3      | Reached skill level 1 in Poison Magic
  2138 | D:3      | Reached * piety under Cheibriados
  2361 | D:3      | Reached XP level 5. HP: 37/43 MP: 12/12
  2595 | D:3      | Found a shimmering altar of Xom.
  2595 | D:3      | Found a shimmering altar of Xom.
  2597 | D:3      | Found a shimmering altar of Xom.
  2599 | D:3      | Found a shimmering altar of Xom.
  3356 | D:4      | Reached ** piety under Cheibriados
  3851 | D:4      | Noticed Robin
  3859 | D:4      | Reached XP level 6. HP: 49/50 MP: 6/13
  3863 | D:4      | Reached *** piety under Cheibriados
  3871 | D:4      | Killed Robin
  3998 | D:4      | Reached skill level 5 in Fighting
  3998 | D:4      | Reached skill level 5 in Polearms
  3998 | D:4      | Reached skill level 5 in Dodging
  4065 | D:4      | Reached XP level 7. HP: 31/56 MP: 13/15
  4312 | D:4      | Reached **** piety under Cheibriados
  4345 | D:4      | Identified the +5 mace of the Seven Wonders {drain, rN++
                  | MR+}
  4360 | D:4      | Slain by a gnoll

Levels and vault maps discovered:
D:1:      evilmike_arrival_plus, layout_basic
D:2:      layout_loops_ring, cheibriados_altar_1, overflow_temple_1_default,
          first_ration
D:3:      layout_loops_ring, xom_redecorated
D:4:      lemuel_castle_with_subvaults [lemuel_castle_interior_carwin_1],
          layout_loops_cross, nemelex_xobeh_ov_fountains_minmay,
          grunt_decor_resistance, minmay_misc_feat_doors, lemuel_old_faithful,
          uniq_robin

Skill      XL: |  1  2  3  4  5  6  7 |
---------------+----------------------+-----
Spellcasting   | 5 |  5.7
Invocations    | 1 2 |  2.9
Short Blades   | 1 2 |  2.6
Long Blades    | 1 2 |  2.6
Axes           | 1 2 |  2.6
Maces & Flails | 1 2 |  2.6
Staves         | 1 2 |  2.6
Slings         | 1 2 |  2.6
Bows           | 1 2 |  2.6
Crossbows      | 1 2 |  2.6
Throwing       | 1 2 |  2.6
Stealth        | 1 2 |  2.6
Shields        | 1 2 |  2.6
Unarmed Combat | 1 2 |  2.6
Evocations     | 1 2 |  2.6
Conjurations   | 1 2 |  2.1
Hexes          | 1 2 |  2.1
Summonings     | 1 2 |  2.1
Necromancy     | 1 2 |  2.1
Translocations | 1 2 |  2.1
Transmutations | 1 2 |  2.1
Fire Magic     | 1 2 |  2.1
Ice Magic      | 1 2 |  2.1
Air Magic      | 1 2 |  2.1
Earth Magic    | 1 2 |  2.1
Poison Magic   | 1 2 |  2.1
Armour         | 3 |  3.7
Fighting       | 5 |  5.3
Polearms       | 5 |  5.3
Dodging        | 5 |  5.3
Charms         | |  5.9

Action                   |  1- 3 |  4- 6 |  7- 9 || total
-------------------------+-------+-------+-------++-------
Melee: Spear             |   135 |   117 |       ||   252
       Bite              |     9 |    24 |     4 ||    37
       Punch             |       |     4 |       ||     4
       Hand axe          |       |    79 |    36 ||   115
 Cast: Spectral Weapon   |     1 |     6 |     2 ||     9
       Regeneration      |     1 |     3 |     2 ||     6
  Use: Scroll            |       |     9 |       ||     9
       Potion            |       |     1 |       ||     1
 Stab: Sleeping          |     1 |     3 |       ||     4
       Distracted        |       |       |     2 ||     2
  Eat: Ration            |     1 |     1 |       ||     2
       Chunk             |       |     1 |     1 ||     2
Armor: Leather armour    |    17 |    34 |     4 ||    55
Dodge: Dodged            |    61 |   144 |    68 ||   273
       Deflected         |       |       |     1 ||     1

Table legend:
 A = Non-vault XP
 B = Vault XP
 C = Vault XP percentage of total XP
 D = Non-vault monster count
 E = Vault monster count
 F = Vault count percentage of total count
                 A         B        C        D         E       F
            +---------+---------+-------+---------+---------+-------
      Total |     257 |     789 |  75.4 |      72 |      60 |  45.5
            +---------+---------+-------+---------+---------+-------
        D:1 |      45 |       0 |   0.0 |      25 |       0 |   0.0
        D:2 |      87 |       0 |   0.0 |      13 |       0 |   0.0
        D:3 |      58 |       0 |   0.0 |      24 |       0 |   0.0
        D:4 |      67 |     789 |  92.2 |      10 |      60 |  85.7
            +---------+---------+-------+---------+---------+-------
